Masamune, lawful female human Samurai ............................................................................ ............................................................................ ........-----..........).......[...............................-----........ ........|.. |..................................................| |........ ........| ..---..}..--|------------------------------+--..}..--- |)....... ........---...|.....|...|....|....|((((| ..| |.....| ---........ ..........|...-------%..|....|....|((((| .| ------- |.......... ..........---.........------|----|-|-------@-+-------- ---.......... ............|..--------.|}................@.......}|.-------- |............ ..........`.|.%-........-..........................-........-..|.<.......... ............|).-........-..............%...........-........-..|............ ............|..--------.|}........................}| -------- |............ ..........---... --------|-|-------|-|----|---| ---.......... ..........| ..------- |....|[[[[| ...|.%..|.^..| ------- |.......... ........---...|.....| |..%.|[[[[|....|..%.|....| |.....| ---........ ........| ..---..}..--+------------------------------+--..}..--- |........ ........|.. |..................................................| |........ ........-----..................................................-----........ ............................................................................ ...................................................^........................ Masamune the Joshu Experience level: 12 Strength: 18/08 Dexterity: 16 Constitution: 18 Intelligence: 9 Wisdom: 13 Charisma: 8 Health: 0(128) Energy: 64(64) AC: 2 Gold: 0 Moves: 15298 Your Inventory: Weapons a - an uncursed +0 katana (weapon in hand) b - a blessed +3 wakizashi (wielded in other hand) c - an uncursed +0 yumi q - 36 uncursed [+0] arrows (in quiver) v - 2 [uncursed +1] shuriken C - 6 [uncursed +0] shuriken D - a [cursed -1] shuriken Armor t - a cursed burnt +0 cloak called magic resistance [of magic resistance] (being worn) x - an [uncursed +0] oilskin cloak y - an [uncursed] +0 pair of speed boots (being worn) A - an [uncursed] very burnt +0 pair of yugake (being worn) I - an [uncursed] +0 elven mithril-coat (being worn) V - an uncursed +0 orcish helm (being worn) Comestibles F - an [uncursed] lizard corpse Rings d - an uncursed ring of levitation Y - an uncursed ring of regeneration (on right hand) Wands e - a [blessed] wand of create monster [0:14] g - an [uncursed] wand of cold [0:3] h - an [uncursed] wand of lightning [0:6] w - an uncursed wand called teleport [of teleportation (0:2)] z - an [uncursed] wand of create monster [0:14] L - an [uncursed] wand of create monster [0:11] M - an [uncursed] chrome wand [of make invisible (0:3)] P - an uncursed wand of lightning [0:1] Q - an [uncursed] wand of striking [0:8] R - an [uncursed] wand of striking [0:2] Tools f - an uncursed blindfold j - an uncursed magic whistle u - an uncursed [+0] pick-axe B - an uncursed key [skeleton key] G - an uncursed can of grease [0:18] O - an uncursed [magic] lamp called Magic (lit) S - an uncursed bag of holding U - an uncursed [+0] unicorn horn Gems i - an [uncursed] white gem [dilithium crystal] k - 2 [uncursed] orange gems [worthless glass] l - an uncursed stone called Luckstone [luckstone] m - 2 [uncursed] green gems [worthless glass] n - an [uncursed] black gem [worthless glass] o - an [uncursed] gem called emerald [emerald] p - 2 [uncursed] violet gems [worthless glass] r - an [uncursed] yellowish brown gem [topaz] H - an [uncursed] white gem [worthless glass] Contents of the bag of holding: 4 uncursed gunyoki Spells known in the end: Name Level Category Fail Memory a - haste self 3 escape 100% [|||||||.] Your skills at the end: Fighting Skills martial arts [Basic] two weapon combat [Skilled] body armor [Skilled] Weapon Skills short sword [Basic] long sword [Expert] bow [Basic] Spellcasting Skills Final Attributes: You were piously aligned. Hunger level was 979. Your alignment was 86 / 86. Monster difficulty range was 2 - 13. Level difficulty was 14. You resisted poison. You were magic-protected. You saw invisible. You were telepathic. You were invisible to others. You regenerated. You were very fast. You were wielding two weapons at once. You were lucky (3). You had extra luck. Bad luck did not time out for you. Good luck did not time out for you. You are dead. Vanquished creatures: a trapper a baby leviathan a baby sarkany Aphrodite a ghost 3 samurai 3 giant mimics a large mimic 16 stalkers a water elemental 4 wargs 6 small mimics an ettin mummy 2 ogre lords 2 quantum mechanics a pyrolisk a tiger a tengu 2 leocrottas a stone giant 3 elf mummies 2 human mummies a red naga a pit viper a cobra a wraith a carnivorous ape an ettin zombie a leather golem 4 soldiers a crocodile 2 giant beetles 2 quivering blobs a cockatrice 38 wolves 2 winter wolf cubs a leprechaun 2 iron piercers 3 giant spiders 2 ice vortices a vampire bat a gnome king a dwarf mummy 2 werewolves 7 lizards 17 ninja a dog a dingo 2 jaguars 2 blue jellies a black unicorn a raven 3 plains centaurs 2 snakes 9 apes a fire ant 2 snow ants 11 bugbears an imp 4 wood nymphs 4 water nymphs 5 mountain nymphs 9 Mordor orcs 3 Uruk-hai 2 orc shamans a rock piercer 3 rock moles 4 yellow lights 2 shriekers 4 violet fungi 24 gnome lords 9 gnomish wizards a kobold mummy 2 red naga hatchlings a black naga hatchling a golden naga hatchling a gray ooze 2 elf zombies a straw golem 2 paper golems 3 wax golems 15 giant ants a little dog 7 floating eyes 6 dwarves 3 homunculi 2 kobold lords a kobold shaman 11 hill orcs 7 rothes a centipede 3 giant bats 2 monkeys 5 orc zombies 2 wererats 2 werejackals 4 muggers 8 iguanas 5 killer bees 2 acid blobs 5 coyotes 3 gas spores 2 hobbits 16 manes 6 large kobolds 17 hobgoblins 7 giant rats 7 cave spiders 2 brown molds 2 yellow molds a green mold 80 gnomes 2 garter snakes 3 gnome zombies 8 geckos 21 jackals a fox 2 kobolds 6 goblins 6 sewer rats 3 grid bugs 10 bats 3 lichens 4 kobold zombies 7 newts 585 creatures vanquished. Voluntary challenges: You used a wielded weapon 820 times. You read items or engraved 23 times. You put on armor 16 times. You never genocided any monsters. You never polymorphed an object. You never changed form. You used no wishes. You never wrote Elbereth's name. You encountered 1 bones level. You never used any Sokoban shortcuts. Dungeon overview: The Dungeons of Doom: levels 1 to 13 Level 1 a long staircase Level 2 stairs to The Gnomish Mines Level 3 a fountain Level 4 an armor shop Level 5 many fountains Level 6 stairs to Sokoban Level 7 an altar, a fountain Level 8 a fountain stairs to Town Level 9 a fountain Level 11 some fountains Level 12 a fountain, a sink portal to The Quest The Gnomish Mines: levels 3 to 11 Level 3 stairs to The Dungeons of Doom Level 5 many shops, a temple, a magic chest, some fountains Level 11 a fountain The Quest: levels 1 to 3 Level 1 a magic chest portal to The Dungeons of Doom Level 3 <- You were here Sokoban: levels 3 to 5 Level 5 stairs to The Dungeons of Doom Town: levels 5 to 7 Level 5 many shops, some fountains, a sink Level 6 many fountains, many trees Level 7 stairs to The Dungeons of Doom History has recorded: On T:1 you entered the Dungeons of Doom to retrieve the Amulet of Yendor! On T:193 you reached level 2 of The Dungeons of Doom. On T:242 you advanced to experience level 2. On T:256 you reached level 3 of The Dungeons of Doom. On T:344 you advanced to experience level 3. On T:349 you reached level 1 of The Gnomish Mines. On T:501 you reached level 2 of The Gnomish Mines. On T:511 you advanced to experience level 4. On T:532 you advanced to experience level 5. On T:737 you advanced to experience level 6. On T:909 you reached level 3 of The Gnomish Mines. On T:1087 you advanced to experience level 7. On T:1668 you advanced to experience level 8. On T:2843 you reached level 4 of The Dungeons of Doom. On T:3181 you reached level 5 of The Dungeons of Doom. On T:3787 you reached level 6 of The Dungeons of Doom. On T:3982 you reached level 7 of The Dungeons of Doom. On T:4098 you reached level 3 of Sokoban. On T:4541 you advanced to experience level 9. On T:4807 you reached level 2 of Sokoban. On T:5161 you reached level 1 of Sokoban. On T:7376 you reached level 4 of The Gnomish Mines. On T:7379 you reached level 6 of The Gnomish Mines. On T:7382 you reached level 5 of The Gnomish Mines. On T:7535 you advanced to experience level 10. On T:8364 you reached level 7 of The Gnomish Mines. On T:8790 you reached level 8 of The Gnomish Mines. On T:8815 you reached level 9 of The Gnomish Mines. On T:10431 you reached level 8 of The Dungeons of Doom. On T:10573 you reached level 3 of Town. On T:11012 you reached level 9 of The Dungeons of Doom. On T:11146 you advanced to experience level 11. On T:11365 you reached level 2 of Town. On T:11717 you killed Aphrodite on level 2 of Town. On T:11756 you reached level 1 of Town. On T:12871 you reached level 10 of The Dungeons of Doom. On T:13010 you reached level 11 of The Dungeons of Doom. On T:13306 you reached level 12 of The Dungeons of Doom. On T:13567 you reached level 13 of The Dungeons of Doom. On T:13689 you reached level 1 of The Quest. On T:14142 you embarked upon an epic quest. On T:14152 you reached level 2 of The Quest. On T:14217 you reached level 3 of The Quest. On T:14725 you advanced to experience level 12. Latest messages: Your potion of paralysis boils and explodes! Something seems to be holding you. Your potion of invisibility boils and explodes! Your potion of sleeping boils and explodes! You feel rather tired. Your yellow potion boils and explodes! Your gloves smoulder further! [HP-55=49] The joshu zaps a wand of fire! The bolt of fire hits you! Your potion of full healing boils and explodes! Your potion of extra healing boils and explodes! The bolt of fire bounces! [HP-22=27] [HP+1=28] The joshu zaps a wand of fire! The bolt of fire hits you! You hear the howling of the CwnAnnwn... The bolt of fire bounces! The joshu zaps a wand of fire! The bolt of fire hits you! You die... Final status: Sayonara Masamune the Samurai... You died in The Quest on dungeon level 3 with 30140 points, and 0 pieces of gold, after 15298 moves. You were level 12 with a maximum of 128 hit points when you died.